Description

Build segura contra Toss con timing push

Replay - TvP Build

Build Order

Get SALT Encoding   

  14  0:18  Supply Depot  
  15  0:31  Refinery  
  15  0:42  Barracks  
  19  1:29  Marine  
  20  1:35  Orbital Command  
  20  1:48  Command Center  
  20  1:59  Barracks Reactor  
  20  2:04  Factory  
  21  2:17  Supply Depot  
  21  2:23  Refinery  
  22  2:36  Marine x2  
  24  2:48  Starport  
  24  2:56  Barracks  
  24  2:58  Widow Mine  
  26  3:00  Marine x2  
  28  3:08  Orbital Command  
  29  3:20  Marine x2  
  29  3:26  Widow Mine  
  33  3:33  Viking  
  37  3:46  Barracks  
  37  3:52  Marine x2  
  40  4:09  Starport Tech Lab, Factory Tech Lab, Supply Depot  
  41  4:19  Marine  
  44  4:29  Engineering Bay  
  46  4:42  Factory Tech Lab  
  46  4:44  Starport Reactor  
  48  4:46  Combat Shields, Stimpack  
  48  4:53  Supply Depot  
  54  5:17  Terran Infantry Weapons Level 1  
  54  5:18  Refinery  
  56  5:22  Medivac x2  
Spawning Tool Build Advisor. Get it on Overwolf

Analysis

Basicamente juegas seguro y rusheas las mejoras de marines hacia el 5:00

Go to:

Details

  • Created by: monorata
  • Published on: Dec 01, 2017
  • Modified on: Dec 01, 2017
  • Patch: 4.0.0
Show
View Real Time Build Order
Export as new Build Order

Comments (0)

There are no comments. Be the first!

Create an account to comment!